 Dungeon Crawl Stone Soup version 0.17.1-2-g5865329 (webtiles) character file.

6359 Moresty the Blocker (level 10, -2/90 HPs)
             Began as a Minotaur Berserker on Jan 11, 2016.
             Was a High Priest of Trog.
             Succumbed to poison (a potion of poison)
             ... on level 2 of the Lair of Beasts.
             The game lasted 00:32:24 (8087 turns).

Moresty the Blocker (Minotaur Berserker)            Turns: 8087, Time: 00:32:25

Health: -2/90      AC: 14    Str: 29    XL:     10   Next: 65%
Magic:  9/9        EV: 13    Int:  4    God:    Trog [*****.]
Gold:   585        SH: 12    Dex: 12    Spells: 0 memorised, 9 levels left

rFire  + . .     SeeInvis .     Y - +2 long sword (flame)
rCold  . . .     Clarity  .     K - +3 scale mail {rF+}
rNeg   . . .     SustAt   .     n - +0 shield
rPois  .         Gourm    .     (helmet restricted)
rElec  .         Spirit   .     u - +1 cloak
rCorr  .         Warding  .     (no gloves)
rMut   .         Rnd*Tele +     (no boots)
MR     +....                    (no amulet)
Stlth  +.........               H - ring of protection from magic
                                j - +4 ring of strength

@: lethally poisoned (-2 -> -26), somewhat resistant to hostile enchantments,
very unstealthy
A: retaliatory headbutt, horns 2, molten scales 1, agile 1, mutation resistance
1, teleportitis 1
a: Berserk, Trog's Hand, Brothers in Arms, Burn Spellbooks, Renounce Religion


You were on level 2 of the Lair of Beasts.
You worshipped Trog.
Trog was extremely pleased with you.
You were hungry.

You visited 2 branches of the dungeon, and saw 11 of its levels.

You collected 585 gold pieces.

Inventory:

Hand Weapons
 a - a +0 mace
 B - a +2 long sword of holy wrath
 V - a +2 rapier of speed
 Y - a +2 long sword of flaming (weapon)
Armour
 b - a +0 animal skin
 d - a +0 leather armour
 n - a +0 shield (worn)
 p - a +0 scale mail
 u - a +1 cloak (worn)
 C - a +0 ring mail
 K - a +3 scale mail of fire resistance (worn)
 M - a +3 scale mail
 O - a +0 ring mail
 R - a +0 scale mail
Jewellery
 j - a +4 ring of strength (left hand)
 r - an uncursed ring of invisibility
 H - a ring of protection from magic (right hand)
 J - an uncursed ring of protection from magic
 P - an uncursed amulet of faith {unknown}
Wands
 D - a wand of frost (23)
 N - a wand of random effects (20)
 Q - a wand of fireball (4)
 T - a wand of polymorph (10)
 W - a wand of random effects (11)
Scrolls
 e - 2 scrolls of amnesia
 f - 3 scrolls of enchant weapon
 h - 2 scrolls of identify
 i - a scroll of teleportation
 l - 3 scrolls of blinking
 m - a scroll of enchant armour
 s - a scroll of fog {unknown}
 v - a scroll of noise {unknown}
 y - a scroll of recharging {unknown}
 z - a scroll of immolation {unknown}
 I - a scroll of vulnerability {unknown}
 S - 2 scrolls of remove curse
Potions
 k - a potion of haste
 q - a potion of flight
 t - 2 potions of brilliance
 w - a potion of lignification
 x - a potion of cure mutation {unknown}
 A - a potion of magic {unknown}
 E - 3 potions of agility
 F - a potion of mutation {unknown}
 G - a potion of berserk rage {unknown}
 U - a potion of poison
Books
 L - a book of the Dragon

   Spells                             Type                      Level
   a - Flame Tongue                   Conjuration/Fire             1
   b - Cause Fear                     Hexes                        4
   c - Bolt of Fire                   Conjuration/Fire             6
   d - Dragon Form                    Transmutation                7
   e - Dragon's Call                  Summoning                    9
   Trog disapproves of the use of such an item.
Comestibles
 c - 6 bread rations
 g - 8 meat rations
 X - 10 fruits


   Skills:
 + Level 8.4 Fighting
 + Level 8.1 Long Blades
 + Level 4.8 Maces & Flails
 + Level 8.3 Armour
 + Level 8.9 Dodging
 + Level 2.2 Stealth
 + Level 9.0 Shields


You had 9 spell levels left.
You didn't know any spells.

Dungeon Overview and Level Annotations

Branches:
Dungeon (8/15)             Temple (0/1) D:6            Lair (3/8) D:8
 Shoals (0/4) Lair:3       Spider (0/4) Lair:3

Altars:
Ashenzari
Cheibriados
Elyvilon
Fedhas
Makhleb
Nemelex Xobeh
Ru
Sif Muna
Trog
Xom
Yredelemnul

Shops:
D:4 *   D:5 [=*   D:6 =   D:7 ?

Portals:
Ossuary: D:7


Innate Abilities, Weirdness & Mutations

You reflexively headbutt those who attack you in melee.
You have a pair of horns on your head.
You are partially covered in molten scales (AC +1).
You are agile. (Dex +2)
You are somewhat resistant to further mutation.
You are occasionally teleported next to monsters.


Message History

The blink frog is heavily wounded.
You feel sick. You block the blink frog's attack.
The blink frog blinks!
You block the blink frog's attack. The spiny frog closely misses you.
You furiously retaliate!
You headbutt the spiny frog! You hit the blink frog. You burn the blink frog.
The blink frog is severely wounded.
You feel sick. The blink frog barely misses you.
You block the blink frog's attack. The spiny frog stings you!
* * * LOW HITPOINT WARNING * * *
The blink frog barely misses you.
You slash the spiny frog! You burn the spiny frog.
You kill the spiny frog!
Trog accepts your kill.
Your Shields skill increases to level 9!
* * * LOW HITPOINT WARNING * * *
You feel sick.
The blink frog blinks!
You block the blink frog's attack. You block the blink frog's attack.
It was a potion of poison.
That liquid tasted very nasty...
You are more poisoned.
You die...

#.......# #........
##......P#.#....#[...
#.......+.....##.....
##.......###.# ##..##
#..P....## # #..P#
##...'.## ##.##
###...## #..## #..§###
#.<.. ##..#@F####
###.. #.....F...#
######.#
##.......######.......
#....................
##....F..>...#.#......
#........###.###......
##........#### #......
..........## ##.#...
##P....(§..# #.##..


You could see 3 blink frogs.

Vanquished Creatures
  An elephant (D:8)
  2 spiny frogs
  The ghost of Moresty the Ruffian, an amateur TrMo (D:4)
  2 two-headed ogres (D:8)
  Grinder (D:4)
  A wyvern (D:7)
  A hippogriff (D:8)
  A yak (D:8)
  A steam dragon (D:8)
  A soldier ant (D:5)
  Menkaure (D:4)
  Edmund (D:6)
  A wolf (Lair:3)
  2 water moccasins
  2 porcupines
  2 black bears (D:8)
  2 sky beasts
  4 ogres
  3 ice beasts
  3 centaurs
  3 crocodiles
  4 giant frogs
  A big kobold (D:8)
  2 killer bees (D:5)
  A scorpion (D:5)
  5 crimson imps
  2 orc priests (D:8)
  A centaur zombie (D:7)
  Crazy Yiuf (D:4)
  A hound (D:8)
  A jelly (D:7)
  A giant frog skeleton (D:8)
  4 orc wizards
  5 iguanas
  9 worker ants
  A hound skeleton (D:4)
  3 gnolls (D:4)
  13 adders
  14 river rats
  3 worker ant zombies
  2 shadow imps
  2 worms
  2 giant geckos
  19 orcs
  7 giant cockroaches
  7 hobgoblins
  14 jackals
  A quokka (D:6)
  2 ball pythons
  5 bats
  A giant cockroach zombie (D:6)
  5 giant newts
  8 goblins
  A jackal skeleton (D:3)
  12 kobolds
  10 rats
  2 butterflies (D:5)
  2 fungi
210 creatures vanquished.

Vanquished Creatures (others)
  3 fungi (Lair:2)
  A plant (Lair:2)
4 creatures vanquished.

Grand Total: 214 creatures vanquished

Notes
Turn   | Place    | Note
--------------------------------------------------------------
     0 | D:1      | Moresty the Minotaur Berserker began the quest for the Orb.
     0 | D:1      | Reached XP level 1. HP: 19/19 MP: 0/0
     6 | D:1      | Noticed a black mamba
     6 | D:1      | Noticed a polar bear
     6 | D:1      | Noticed a swamp drake
     7 | D:1      | Noticed a worker ant
     7 | D:1      | Noticed a hog
   222 | D:1      | Reached skill level 4 in Fighting
   225 | D:1      | Reached XP level 2. HP: 22/27 MP: 1/1
   705 | D:2      | Reached XP level 3. HP: 29/33 MP: 2/2
   768 | D:2      | Reached ** piety under Trog
  1001 | D:2      | Found a snail-covered altar of Cheibriados.
  1001 | D:2      | Found a shattered altar of Ashenzari.
  1252 | D:2      | Found a basalt altar of Yredelemnul.
  1304 | D:2      | Found a white marble altar of Elyvilon.
  1526 | D:3      | Reached XP level 4. HP: 33/41 MP: 3/3
  1826 | D:3      | Found a deep blue altar of Sif Muna.
  2060 | D:3      | Found a bloodstained altar of Trog.
  2589 | D:4      | Noticed Menkaure
  2596 | D:4      | Killed Menkaure
  2596 | D:4      | Reached skill level 1 in Long Blades
  2596 | D:4      | Reached XP level 5. HP: 41/47 MP: 4/4
  2617 | D:4      | Found Jegown Yfiar's General Store.
  2744 | D:4      | Noticed Grinder
  2751 | D:4      | Killed Grinder
  2751 | D:4      | Reached XP level 6. HP: 35/55 MP: 5/5
  2788 | D:4      | Reached *** piety under Trog
  2878 | D:4      | Noticed Moresty's ghost (amateur TrMo)
  2902 | D:4      | Killed Moresty's ghost
  2902 | D:4      | Reached skill level 5 in Fighting
  2902 | D:4      | Reached skill level 5 in Dodging
  2902 | D:4      | Reached XP level 7. HP: 10/61 MP: 6/6
  3271 | D:4      | Found a sparkling altar of Nemelex Xobeh.
  3276 | D:4      | Reached skill level 5 in Armour
  3379 | D:4      | Noticed Crazy Yiuf
  3387 | D:4      | Killed Crazy Yiuf
  3505 | D:5      | Entered Level 5 of the Dungeon
  3596 | D:5      | Found a sacrificial altar of Ru.
  3689 | D:5      | Found Geakuny's Antique Armour Boutique.
  3771 | D:5      | Reached XP level 8. HP: 69/69 MP: 7/7
  3855 | D:5      | Found Kaaffia's Jewellery Shop.
  3922 | D:5      | Reached skill level 1 in Stealth
  4203 | D:5      | Found a runed door.
  4218 | D:5      | Found a runed door.
  4302 | D:5      | Found Heppop's Serpentskin Sales.
  4414 | D:5      | Reached skill level 6 in Armour
  4438 | D:5      | Reached skill level 5 in Shields
  4855 | D:6      | Reached **** piety under Trog
  4914 | D:6      | Noticed Edmund
  4933 | D:6      | Killed Edmund
  4998 | D:6      | Found a shimmering altar of Xom.
  5033 | D:6      | Reached skill level 5 in Long Blades
  5033 | D:6      | Reached XP level 9. HP: 70/78 MP: 8/8
  5073 | D:6      | Found a staircase to the Ecumenical Temple.
  5108 | D:6      | Gained mutation: You are agile. (Dex +2) [mutagenic meat]
  5117 | D:6      | Gained mutation: You are partially covered in molten scales (AC +1). [mutagenic meat]
  5122 | D:6      | Found Yriloc's Jewellery Shoppe.
  5123 | D:6      | Gained mutation: You are somewhat resistant to further mutation. [mutagenic meat]
  5124 | D:6      | Gained mutation: You are occasionally teleported next to monsters. [mutagenic meat]
  5408 | D:6      | Reached skill level 7 in Dodging
  5548 | D:7      | Found a blossoming altar of Fedhas.
  5830 | D:7      | Found a sand-covered staircase.
  5835 | D:7      | Reached ***** piety under Trog
  5936 | D:7      | Found Teahiux's Magic Scroll Emporium.
  5939 | D:7      | Found a burning altar of Makhleb.
  6418 | D:8      | Found a staircase to the Lair.
  6418 | D:8      | Noticed an elephant
  6462 | D:8      | Killed an elephant
  6462 | D:8      | Reached skill level 8 in Dodging
  6462 | D:8      | Reached XP level 10. HP: 52/88 MP: 9/9
  7054 | Lair:1   | Entered Level 1 of the Lair of Beasts
  7541 | Lair:3   | Found a hole to the Spider Nest.
  7591 | Lair:3   | Found a staircase to the Shoals.
  7616 | Lair:2   | HP: 4/89 [poisoned by a spiny frog]
  7621 | Lair:2   | HP: 3/89 [poisoned by a spiny frog]
  7628 | Lair:2   | HP: 3/89 [poisoned by a spiny frog]
  7636 | Lair:2   | HP: 3/89 [poisoned by a spiny frog]
  7902 | Lair:2   | Received a gift from Trog
  8085 | Lair:2   | HP: 1/90 [spiny frog (14)]
  8086 | Lair:2   | Reached skill level 9 in Shields
  8087 | Lair:2   | Succumbed to poison (a potion of poison)

Action                   |  1- 3 |  4- 6 |  7- 9 | 10-12 || total
-------------------------+-------+-------+-------+-------++-------
Melee: Mace              |    93 |    12 |       |       ||   105
       Long sword        |       |    78 |   270 |   149 ||   497
  Use: Potion            |       |     1 |     4 |     3 ||     8
       Scroll            |       |       |     5 |     2 ||     7
  Eat: Chunk             |     2 |     4 |    16 |     5 ||    27
